 Dungeon Crawl Stone Soup version 0.17-a0-1311-gbcbd859 (webtiles) character file.

43 onwiheg the Slasher (level 3, 0/29 HPs)
             Began as a Formicid Berserker on June 8, 2015.
             Was a Believer of Trog.
             Slain by a kobold
             ... wielding a +0 whip
              (1 damage)
             ... on level 1 of the Dungeon.
             The game lasted 00:04:26 (1047 turns).

onwiheg the Slasher (Formicid Berserker)            Turns: 1047, Time: 00:04:26

Health: 0/29       AC:  2    Str: 22    XL:     3   Next: 82%
Magic:  3/3        EV: 12    Int:  6    God:    Trog [**....]
Gold:   43         SH:  0    Dex: 10    Spells: 0 memorised, 2 levels left

rFire  . . .     SeeInvis +     a - +0 falchion
rCold  . . .     Clarity  .     b - +0 animal skin
rNeg   . . .     SustAt   .     (no shield)
rPois  .         Gourm    .     (helmet unavailable)
rElec  .         Spirit   .     (no cloak)
rCorr  .         Warding  .     (no gloves)
rMut   .         Stasis   +     (no boots)
MR     .....                    (no amulet)
Stlth  +.........               (no ring)
                                (no ring)

@: not resistant to hostile enchantments, very unstealthy
A: permanent stasis, dig shafts and tunnels, four strong arms, antennae 3
a: Dig, Shaft Self, Burn Spellbooks, Trog's Hand, Renounce Religion


You were on level 1 of the Dungeon.
You worshipped Trog.
Trog was pleased with you.
You were not hungry.

You visited 1 branch of the dungeon, and saw 2 of its levels.

You collected 43 gold pieces.

Inventory:

Hand weapons
 a - a +0 falchion (weapon)
Armour
 b - a +0 animal skin (worn)
Scrolls
 e - a scroll of random uselessness {unknown}
 f - a scroll of magic mapping {unknown}
 g - a scroll of immolation {unknown}
Potions
 d - a potion of heal wounds {unknown}
 h - a potion of curing {unknown}
 i - a potion of haste {unknown}
 l - a potion of mutation {unknown}
Comestibles
 c - a bread ration
 j - 4 fruits


   Skills:
 - Level 3.2 Fighting
 + Level 4.4 Long Blades
 - Level 2.1 Armour
 - Level 1.7 Dodging


You had 2 spell levels left.
You didn't know any spells.

Dungeon Overview and Level Annotations

Branches:
Dungeon (2/15)

Altars:

Annotations:
D:2 Natasha


Innate Abilities, Weirdness & Mutations

You are under a permanent stasis effect.
You can dig through walls and to a lower floor.
Your four strong arms can wield two-handed weapons with a shield.
You have a pair of large antennae on your head (SInv).


Message History

You closely miss the kobold.
The kobold is heavily wounded.
The kobold barely misses you.
You hit the kobold but do no damage.
The kobold is heavily wounded.
The kobold hits you but does no damage.
You closely miss the kobold.
The kobold is heavily wounded.
The kobold hits you with a whip.
* * * LOW HITPOINT WARNING * * *
You closely miss the kobold.
The kobold is heavily wounded.
The kobold misses you.
You barely miss the kobold.
The kobold is heavily wounded.
The kobold barely misses you.
You hit the kobold but do no damage.
The kobold is heavily wounded.
The kobold hits you with a whip.
You die...

#.# #.## #..... #.### #.# #.####
#...# #.# #.# # ###.###.# #.# #
######.....# #.# ...........# #.#
.#......##.# #.#
.#.####.##.########### #.# r#.#
#........K@....### #.# .#.#
#..#.######......# #># .#.#
##..#.######.#.#..# #.# .†.#
#>............###.## #.#
.#.###............## ##.# #.#
.#.##.......##.##..###.## #.#
.#.##.#####.##.##>#)#..## #.#
.#.##.# #.##.##.##.#..####.####
.#.##.#####......................


You could see a kobold.

Vanquished Creatures
  A gnoll (D:1)
  An ooze (D:1)
  A worm (D:2)
  2 goblins (D:1)
  2 hobgoblins
  4 jackals
  A quokka (D:1)
  5 bats
  3 giant newts (D:1)
  2 kobolds (D:1)
  6 rats
28 creatures vanquished.

Notes
Turn   | Place    | Note
--------------------------------------------------------------
     0 | D:1      | onwiheg the Formicid Berserker began the quest for the Orb.
     0 | D:1      | Reached XP level 1. HP: 18/18 MP: 1/1
   121 | D:1      | Reached XP level 2. HP: 6/24 MP: 2/2
   520 | D:1      | Reached skill level 4 in Long Blades
   520 | D:1      | Reached XP level 3. HP: 29/29 MP: 3/3
   710 | D:1      | Acquired Trog's second power
   936 | D:2      | Noticed Natasha
  1044 | D:1      | HP: 1/29 [kobold/whip (3)]
  1047 | D:1      | Slain by a kobold

Vault maps used:
D:1:      minmay_arrival_stone_box
D:2:      uniq_natasha

Action                   || total
-------------------------++-------
Melee: Falchion          ||   105
 Abil: Dig               ||     3
  Eat: Chunk             ||     1
